AoeStats
← bastygg

Socotra

504897497Analyzed
2v2 RM · 27d ago on Sep 7, 2026· 38m 7s· 4 players
Game mode
Random Map
Map size
Tiny (2 player)
Population
200
Speed
Normal
Resources
Standard
Victory
Conquest
Starting age
Dark Age
Ending age
Imperial Age
RankedLock teamsTeams togetherTeam positionsShared explorationLock speedFull tech treeHidden civsTurbo modeCheats
Victory
Defeat
🇨🇦 Burgundians · Canada
1005
+17
🇦🇷 Vietnamese · Argentina
993
+17
🇨🇱 Japanese · Chile
1042
-20
🇨🇱 Koreans · Chile
994
-16
Addicted8763
1:42 Loom
9:49 Feudal Age
21:48 Castle Age
20:12 Scale Barding Armor
21:03 Forging
21:34 Double-Bit Axe
24:16 Chain Barding Armor
39:11 Wheelbarrow
emignba
7:21 Loom
10:56 Feudal Age
13:08 Double-Bit Axe
20:49 Town Watch
21:13 Fletching
27:16 Castle Age
25:55 Horse Collar
27:30 Crossbowman
28:10 Bodkin Arrow
28:56 Padded Archer Armor
32:43 Bow Saw
37:13 Imperial Age
35:52 Thumb Ring
36:52 Heavy Plow
37:29 Ballistics
37:13 Gold Mining
37:26 Arbalester
bastygg
12:06 Feudal Age
13:37 Loom
35:15 Castle Age
nachingg
5:28 Loom
10:17 Feudal Age
11:38 Town Watch
12:13 Man-at-Arms
21:27 Scale Mail Armor
21:39 Forging
23:51 Castle Age
24:03 Pikeman
25:29 Iron Casting
26:50 Wheelbarrow
26:15 Town Patrol
30:46 Horse Collar
30:53 Double-Bit Axe
32:41 Long Swordsman
33:06 Gambesons
33:22 Squires
35:30 Chain Mail Armor
36:27 Elite Skirmisher
37:15 Thumb Ring
37:42 Heavy Plow
Connection lost

Rejoining the realm…

Still unreachable

The connection could not be restored.

Session expired

The server has moved on; the page needs a fresh start.